3A
YORK REVOLUTION @ GRAND FORKS CATERPILLARS
08/23/2030
 
TOP OF THE 1ST
York Revolution batting - Pitching for Grand Forks Caterpillars : LHP Andrés Santos
Pitching: LHP Andrés Santos
Batting: RHB James Deines 0-0: Called Strike
0-1: Ball
1-1: Bunted foul
1-2: Ball
2-2: Foul Ball, location: 2F
2-2: Ball
3-2: Base on Balls
Batting: RHB John Clark 0-0: Foul Ball, location: 2F
0-1: Ball
1-1: Ball
2-1: Fielders Choice at 2nd, 6-4 (Groundball, 6)
Batting: RHB Cisco Feijoo 0-0: Ball
1-0: Swinging Strike
1-1: Foul Ball, location: 2F
1-2: Ball
2-2: Ball
3-2: Fly out, F7 (Flyball, 7S)
Batting: RHB Eikki Kankaanperä 0-0: Foul Ball, location: 2F
0-1: Foul Ball, location: 2F
0-2: Fly out, F7 (Flyball, 78D)
Top of the 1st over - 0 runs, 0 hits, 0 errors, 1 left on base; York 0 - Grand Forks 0
BOTTOM OF THE 1ST
Grand Forks Caterpillars batting - Pitching for York Revolution : RHP Matt Martin
Pitching: RHP Matt Martin
Batting: LHB Mo-ruo Teoh 0-0: Ball
1-0: Swinging Strike
1-1: Foul Ball, location: 2F
1-2: Fly out, F9 (Line Drive, 9)
Batting: RHB Luis Pérez 0-0: Called Strike
0-1: Foul Ball, location: 2F
0-2: Foul Ball, location: 2F
0-2: Ball
1-2: Ball
2-2: Foul Ball, location: 2F
2-2: Ball
3-2: Strikes out swinging
Batting: RHB Jun Kung 0-0: DOUBLE (Flyball, 8RXD)
Batting: SHB Jorge Alou 0-0: Swinging Strike
0-1: Ball
1-1: Called Strike
1-2: 2-RUN HOME RUN (Line Drive, 7D), Distance : 398 ft
Batting: RHB Roberto Flores 0-0: Foul Ball, location: 2F
0-1: Swinging Strike
0-2: Ball
1-2: Strikes out swinging
Bottom of the 1st over - 2 runs, 2 hits, 0 errors, 0 left on base; York 0 - Grand Forks 2
TOP OF THE 2ND
York Revolution batting - Pitching for Grand Forks Caterpillars : LHP Andrés Santos
Batting: RHB Guy Toussaint 0-0: Called Strike
0-1: Ball
1-1: Ball
2-1: Ball
3-1: Swinging Strike
3-2: Strikes out swinging
Batting: RHB Mark Patterson 0-0: Swinging Strike
0-1: Swinging Strike
0-2: Ball
1-2: Strikes out swinging
Batting: LHB Gong Mao 0-0: Ground out 4-3 (Groundball, 4)
Top of the 2nd over - 0 runs, 0 hits, 0 errors, 0 left on base; York 0 - Grand Forks 2
BOTTOM OF THE 2ND
Grand Forks Caterpillars batting - Pitching for York Revolution : RHP Matt Martin
Batting: RHB Ralph Sands 0-0: Ball
1-0: Called Strike
1-1: Called Strike
1-2: Foul Ball, location: 2F
1-2: Strikes out swinging
Batting: RHB Cristián Ortíz 0-0: Ball
1-0: Ground out U3 (Groundball, 3)
Batting: LHB José Román 0-0: Called Strike
0-1: Ball
1-1: Swinging Strike
1-2: Foul Ball, location: 2F
1-2: Strikes out swinging
Bottom of the 2nd over - 0 runs, 0 hits, 0 errors, 0 left on base; York 0 - Grand Forks 2
TOP OF THE 3RD
York Revolution batting - Pitching for Grand Forks Caterpillars : LHP Andrés Santos
Batting: RHB Lawrence Stokes 0-0: Foul Ball, location: 2F
0-1: Ball
1-1: Foul Ball, location: 2F
1-2: Ball
2-2: Fly out, F7 (Flyball, 7)
Batting: RHB Clarence Coffin 0-0: Ball
1-0: Fly out, F8 (Flyball, 8LD)
Batting: RHB James Deines 0-0: Called Strike
0-1: Foul Ball, location: 2F
0-2: Ball
1-2: Ball
2-2: Ball
3-2: SINGLE (Line Drive, 89M)
Batting: RHB John Clark 0-0: Swinging Strike
0-1: Foul Ball, location: 2F
0-2: Ball
1-2: Ball
2-2: Foul Ball, location: 2F
2-2: SINGLE (Line Drive, 4M)
James Deines to second
Batting: RHB Cisco Feijoo 0-0: Ball
1-0: Foul Ball, location: 2F
1-1: Ground out 5-3 (Groundball, 56)
Top of the 3rd over - 0 runs, 2 hits, 0 errors, 2 left on base; York 0 - Grand Forks 2
BOTTOM OF THE 3RD
Grand Forks Caterpillars batting - Pitching for York Revolution : RHP Matt Martin
Batting: SHB Mathis Bonnet 0-0: Called Strike
0-1: Ball
1-1: Ball
2-1: Ground out 6-3 (Groundball, 6M)
Batting: LHB Mo-ruo Teoh 0-0: Called Strike
0-1: Ball
1-1: Ball
2-1: Called Strike
2-2: Ball
3-2: Strikes out swinging
Batting: RHB Luis Pérez 0-0: Ball
1-0: Swinging Strike
1-1: Foul Ball, location: 2F
1-2: Ball
2-2: SOLO HOME RUN (Flyball, 7D), Distance : 390 ft
Batting: RHB Jun Kung 0-0: Ball
1-0: Ball
2-0: Swinging Strike
2-1: Foul Ball, location: 2F
2-2: Strikes out swinging
Bottom of the 3rd over - 1 run, 1 hit, 0 errors, 0 left on base; York 0 - Grand Forks 3
TOP OF THE 4TH
York Revolution batting - Pitching for Grand Forks Caterpillars : LHP Andrés Santos
Batting: RHB Eikki Kankaanperä 0-0: Ball
1-0: Called Strike
1-1: Ball
2-1: SINGLE (Line Drive, 56D)
Batting: RHB Guy Toussaint 0-0: Ball
1-0: Foul Ball, location: 2F
1-1: Foul Ball, location: 2F
1-2: Ball
2-2: Ball
3-2: Foul Ball, location: 2F
3-2: Base on Balls
Eikki Kankaanperä to second
Batting: RHB Mark Patterson 0-0: Called Strike
0-1: Swinging Strike
0-2: Fly out, F9 (Flyball, 89XD)
Runner from 2nd tags up, SAFE at 3rd, no throw
Batting: LHB Gong Mao 0-0: Called Strike
0-1: Ball
1-1: SINGLE (Groundball, 4) (infield hit)
Eikki Kankaanperä scores
Guy Toussaint to second
Batting: RHB Lawrence Stokes 0-0: Ball
1-0: Foul Ball, location: 2F
1-1: DOUBLE (Line Drive, 7LM)
Guy Toussaint scores
Gong Mao to third
Runner from 3rd tries for Home, SAFE, no throw
Batting: RHB Clarence Coffin 0-0: Ball
1-0: Ball
2-0: Ground out U3 (Groundball, 34)
Lawrence Stokes to third
Batting: RHB James Deines 0-0: Ball
1-0: Ground out 4-3 (Groundball, 4MD)
Top of the 4th over - 3 runs, 3 hits, 0 errors, 1 left on base; York 3 - Grand Forks 3
BOTTOM OF THE 4TH
Grand Forks Caterpillars batting - Pitching for York Revolution : RHP Matt Martin
Batting: SHB Jorge Alou 0-0: Fly out, F8 (Line Drive, 8RD)
Batting: RHB Roberto Flores 0-0: Ball
1-0: Ground out 6-3 (Groundball, 6MD)
Batting: RHB Ralph Sands 0-0: Ball
1-0: SINGLE (Flyball, 89M)
Batting: RHB Cristián Ortíz 0-0: Called Strike
0-1: Ball
1-1: Foul Ball, location: 2F
1-2: SINGLE (Flyball, 7S)
Ralph Sands to second
Batting: LHB José Román 0-0: Called Strike
0-1: Fielders Choice at 2nd, 6-4 (Groundball, 6)
Bottom of the 4th over - 0 runs, 2 hits, 0 errors, 2 left on base; York 3 - Grand Forks 3
TOP OF THE 5TH
York Revolution batting - Pitching for Grand Forks Caterpillars : LHP Andrés Santos
Batting: RHB John Clark 0-0: Foul Ball, location: 2F
0-1: Ball
1-1: Called Strike
1-2: Strikes out swinging
Batting: RHB Cisco Feijoo 0-0: Ball
1-0: Swinging Strike
1-1: Ball
2-1: Ball
3-1: Base on Balls
Batting: RHB Eikki Kankaanperä 0-0: Ball
Cisco Feijoo is caught stealing 2nd base
1-0: Ball
2-0: Swinging Strike
2-1: Ground out 5-3 (Groundball, 5)
Top of the 5th over - 0 runs, 0 hits, 0 errors, 0 left on base; York 3 - Grand Forks 3
BOTTOM OF THE 5TH
Grand Forks Caterpillars batting - Pitching for York Revolution : RHP Matt Martin
Batting: SHB Mathis Bonnet 0-0: Called Strike
0-1: Ball
1-1: Ball
2-1: Foul Ball, location: 2F
2-2: SINGLE (Groundball, 5D)
Batting: LHB Mo-ruo Teoh 0-0: Ball
1-0: Ball
2-0: Swinging Strike
2-1: Fielders Choice at 2nd, 4-6 (Groundball, 4)
Batting: RHB Luis Pérez 0-0: Ball
1-0: Called Strike
Mo-ruo Teoh steals 2nd base
1-1: Called Strike
1-2: Strikes out swinging
Batting: RHB Jun Kung 0-0: Ground out U3 (Groundball, 34)
Bottom of the 5th over - 0 runs, 1 hit, 0 errors, 1 left on base; York 3 - Grand Forks 3
TOP OF THE 6TH
York Revolution batting - Pitching for Grand Forks Caterpillars : LHP Andrés Santos
Batting: RHB Guy Toussaint 0-0: Ball
1-0: Ground out 1-3 (Groundball, 15S)
Batting: RHB Mark Patterson 0-0: Ball
1-0: Ball
2-0: Called Strike
2-1: Fly out, F3 (Popup, 3SF)
Batting: LHB Gong Mao 0-0: Called Strike
0-1: Foul Ball, location: 2F
0-2: SINGLE (Groundball, 4) (infield hit)
Pitching: RHP Mike Orrsborne
Batting: RHB Lawrence Stokes 0-0: Called Strike
0-1: Swinging Strike
0-2: Strikes out looking
Top of the 6th over - 0 runs, 1 hit, 0 errors, 1 left on base; York 3 - Grand Forks 3
BOTTOM OF THE 6TH
Grand Forks Caterpillars batting - Pitching for York Revolution : RHP Matt Martin
Batting: SHB Jorge Alou 0-0: Called Strike
0-1: Foul Ball, location: 2F
0-2: Ground out 4-3 (Groundball, 4)
Batting: RHB Roberto Flores 0-0: Ball
1-0: Called Strike
1-1: Ball
2-1: Called Strike
2-2: Ball
3-2: Base on Balls
Batting: RHB Ralph Sands 0-0: Ball
1-0: Swinging Strike
1-1: Ball
2-1: Swinging Strike
2-2: Ground out 5-3 (Groundball, 25)
Roberto Flores to second
Batting: RHB Cristián Ortíz 0-0: Swinging Strike
Passed Ball!
Roberto Flores to third
0-1: Swinging Strike
0-2: Ground out 6-3 (Groundball, 6D)
Bottom of the 6th over - 0 runs, 0 hits, 0 errors, 1 left on base; York 3 - Grand Forks 3
TOP OF THE 7TH
York Revolution batting - Pitching for Grand Forks Caterpillars : RHP Mike Orrsborne
Batting: RHB Clarence Coffin 0-0: Ball
1-0: Called Strike
1-1: Ball
2-1: Foul Ball, location: 2F
2-2: Ball
3-2: Strikes out swinging, 2-3 out at first.
Batting: RHB James Deines 0-0: Ball
1-0: Foul Ball, location: 2F
1-1: Fly out, F8 (Flyball, 8LD)
Batting: RHB John Clark 0-0: Called Strike
0-1: Foul Ball, location: 2F
0-2: Ball
1-2: Ball
2-2: Strikes out swinging
Top of the 7th over - 0 runs, 0 hits, 0 errors, 0 left on base; York 3 - Grand Forks 3
BOTTOM OF THE 7TH
Grand Forks Caterpillars batting - Pitching for York Revolution : RHP Matt Martin
Batting: LHB José Román 0-0: Ball
1-0: Ball
2-0: Fly out, F4 (Popup, 34S)
Pinch Hitting: RHB Rusty Nicholson 0-0: Ball
1-0: DOUBLE (Line Drive, 78D)
Batting: LHB Mo-ruo Teoh 0-0: Intentional Walk
Batting: RHB Luis Pérez 0-0: SINGLE (Flyball, 5D)
Rusty Nicholson to third
Mo-ruo Teoh to second
Runner from 3rd tries for Home, SAFE, no throw
Batting: RHB Jun Kung 0-0: Swinging Strike
0-1: Foul Ball, location: 2F
0-2: Strikes out swinging
Batting: SHB Jorge Alou 0-0: Ball
Mo-ruo Teoh steals 3rd base
Luis Pérez to second
1-0: Ball
2-0: Ball
3-0: Called Strike
3-1: Called Strike
3-2: Foul Ball, location: 2F
3-2: Ground out U3 (Groundball, 3)
Bottom of the 7th over - 1 run, 2 hits, 0 errors, 2 left on base; York 3 - Grand Forks 4
TOP OF THE 8TH
York Revolution batting - Pitching for Grand Forks Caterpillars : RHP Mike Orrsborne
Now at 1B: Rusty Nicholson
Batting: RHB Cisco Feijoo 0-0: Called Strike
0-1: Called Strike
0-2: Strikes out swinging
Batting: RHB Eikki Kankaanperä 0-0: Called Strike
0-1: Called Strike
0-2: Foul Ball, location: 2F
0-2: Ball
1-2: Strikes out swinging
Batting: RHB Guy Toussaint 0-0: Swinging Strike
0-1: Called Strike
0-2: Ball
1-2: SINGLE (Groundball, 6MD)
Pinch Hitting: LHB Joe Ellison 0-0: Called Strike
0-1: Foul Ball, location: 2F
0-2: Foul Ball, location: 2F
0-2: Ball
1-2: Fielders Choice at 2nd, 6-4 (Groundball, 6)
Top of the 8th over - 0 runs, 1 hit, 0 errors, 1 left on base; York 3 - Grand Forks 4
BOTTOM OF THE 8TH
Grand Forks Caterpillars batting - Pitching for York Revolution : RHP Matt Martin
Pitching: RHP Júlio Justiniano
Now at 1B: Joe Ellison
Batting: RHB Roberto Flores 0-0: Swinging Strike
0-1: Ground out 5-3 (Groundball, 5)
Batting: RHB Ralph Sands 0-0: DOUBLE (Line Drive, 78D)
Batting: RHB Cristián Ortíz 0-0: Fly out, F7 (Flyball, 7S)
Batting: LHB José Román 0-0: Swinging Strike
0-1: Foul Ball, location: 2F
0-2: Strikes out swinging
Bottom of the 8th over - 0 runs, 1 hit, 0 errors, 1 left on base; York 3 - Grand Forks 4
TOP OF THE 9TH
York Revolution batting - Pitching for Grand Forks Caterpillars : RHP Mike Orrsborne
Batting: LHB Gong Mao 0-0: Foul Ball, location: 2F
0-1: Foul Ball, location: 2F
0-2: Ball
1-2: Foul Ball, location: 2F
1-2: Ball
2-2: Foul Ball, location: 2F
2-2: Ball
3-2: Base on Balls
Pinch Runner at 1st Andy Alderliesten:
Pinch Hitting: RHB Pedro Flores 0-0: Called Strike
0-1: Ball
1-1: 2-RUN HOME RUN (Flyball, 7D), Distance : 379 ft
Pitching: RHP Carlos Cardoso
Batting: RHB Clarence Coffin 0-0: Ball
1-0: Foul Ball, location: 2F
1-1: Called Strike
1-2: Ball
2-2: Strikes out swinging
Batting: RHB James Deines 0-0: Ball
1-0: Called Strike
1-1: Ball
2-1: Ground out 5-3 (Groundball, 5)
Batting: RHB John Clark 0-0: Called Strike
0-1: Ball
1-1: SINGLE (Groundball, 6MD)
Batting: RHB Cisco Feijoo 0-0: Ball
1-0: Swinging Strike
1-1: Ball
2-1: Foul Ball, location: 2F
2-2: SINGLE (Flyball, 78S)
John Clark to second
Batting: RHB Eikki Kankaanperä 0-0: Called Strike
0-1: Ball
1-1: Foul Ball, location: 2F
1-2: Foul Ball, location: 2F
1-2: Ball
2-2: Fielders Choice at 2nd, 6-4 (Groundball, 6)
Top of the 9th over - 2 runs, 3 hits, 0 errors, 2 left on base; York 5 - Grand Forks 4
BOTTOM OF THE 9TH
Grand Forks Caterpillars batting - Pitching for York Revolution : RHP Júlio Justiniano
Pitching: LHP Sicnarf Loopstok
Now at 1B: Carlo Manlulu
Now at 3B: Andy Alderliesten
Now in RF: Jack MacOmish
Batting: RHB Rusty Nicholson 0-0: SINGLE (Groundball, 34D)
Batting: LHB Mo-ruo Teoh 0-0: Ball
1-0: Called Strike
1-1: Ball
2-1: Ball
3-1: Foul Ball, location: 2F
3-2: Base on Balls
Rusty Nicholson to second
Batting: RHB Luis Pérez 0-0: Ball
1-0: Ball
2-0: Called Strike
2-1: Ball
3-1: Called Strike
3-2: Foul Ball, location: 2F
3-2: Foul Ball, location: 2F
3-2: Foul Ball, location: 2F
3-2: Strikes out swinging
Batting: RHB Jun Kung 0-0: Ball
1-0: Ball
2-0: Foul Ball, location: 2F
2-1: Foul Ball, location: 2F
2-2: Foul Ball, location: 2F
2-2: Foul Ball, location: 2F
2-2: DOUBLE (Line Drive, 5D)
Rusty Nicholson scores
Mo-ruo Teoh to third
Batting: SHB Jorge Alou 0-0: Intentional Walk
Batting: RHB Roberto Flores 0-0: Ball
1-0: Fly out, F5 (Popup, 56S)
Batting: RHB Ralph Sands 0-0: Ball
1-0: Called Strike
1-1: Ball
2-1: Foul Ball, location: 2F
2-2: Strikes out swinging
Bottom of the 9th over - 1 run, 2 hits, 0 errors, 3 left on base; York 5 - Grand Forks 5
TOP OF THE 10TH
York Revolution batting - Pitching for Grand Forks Caterpillars : RHP Carlos Cardoso
Batting: RHB Guy Toussaint 0-0: Fly out, F4 (Popup, 4MS)
Batting: RHB Carlo Manlulu 0-0: Ball
1-0: Ball
2-0: Foul Ball, location: 2F
2-1: Foul Ball, location: 2F
2-2: Strikes out swinging
Batting: RHB Andy Alderliesten 0-0: SINGLE (Groundball, 34D)
Pitching: LHP Taylor Geldard
Batting: LHB Jack MacOmish 0-0: Ball
1-0: Foul Ball, location: 2F
1-1: Swinging Strike
1-2: Strikes out looking
Top of the 10th over - 0 runs, 1 hit, 0 errors, 1 left on base; York 5 - Grand Forks 5
BOTTOM OF THE 10TH
Grand Forks Caterpillars batting - Pitching for York Revolution : LHP Sicnarf Loopstok
Pitching: RHP Aksel Svendsen
Batting: RHB Cristián Ortíz 0-0: Ball
1-0: SINGLE (Groundball, 56D)
Batting: LHB José Román 0-0: Swinging Strike
0-1: Foul Ball, location: 2F
0-2: Strikes out swinging
Batting: RHB Rusty Nicholson 0-0: Called Strike
0-1: Swinging Strike
0-2: Foul Ball, location: 2F
0-2: Ball
1-2: Ball
2-2: Ball
3-2: Foul Ball, location: 2F
3-2: Foul Ball, location: 2F
3-2: Foul Ball, location: 2F
3-2: SINGLE (Groundball, 56D)
Cristián Ortíz to second
Cristián Ortíz to third
Batting: LHB Mo-ruo Teoh 0-0: Called Strike
0-1: Called Strike
0-2: Strikes out looking
Batting: RHB Luis Pérez 0-0: Foul Ball, location: 2F
0-1: Ball
1-1: Ball
Wild Pitch!
Cristián Ortíz scores
Sunday, March 18th, 2018 - OOTP Baseball 18.8 Build 76